 Dungeon Crawl Stone Soup version 0.19-a0-1071-g4ed3155 (webtiles) character file.

1405 mistymad the Thaumaturge (level 8, 0/41 HPs)
             Began as a Deep Elf Wizard on Aug 5, 2016.
             Killed by divine providence
             ... invoked by an orc priest
              (13 damage)
             ... on level 6 of the Dungeon.
             The game lasted 00:28:13 (7208 turns).

mistymad the Thaumaturge (Deep Elf Wizard)          Turns: 7208, Time: 00:28:14

Health: 0/41       AC:  5    Str:  8    XL:     8   Next: 42%
Magic:  22/24      EV:  8    Int: 26    God:
Gold:   351        SH:  0    Dex: 13    Spells: 5 memorised, 17 levels left

rFire  . . .     SeeInvis .     o - +2 hand axe (chop)
rCold  . . .     Gourm    .     a - +0 robe
rNeg   . . .     Faith    .     (no shield)
rPois  .         Spirit   .     j - +0 helmet
rElec  .         Dismiss  .     M - +0 cloak
rCorr  .         Reflect  .     g - +0 pair of gloves
SustAt .         Harm     .     (no boots)
MR     .....                    (no amulet)
Stlth  ++........               (no ring)
                                p - +4 ring of strength

@: repel missiles
A: no striking features
a: no special abilities


You were on level 6 of the Dungeon.
You were not hungry.

You visited 1 branch of the dungeon, and saw 6 of its levels.

You collected 351 gold pieces.

Inventory:

Hand Weapons
 o - a +2 hand axe of chopping (weapon)
Missiles
 D - 8 silver javelins (quivered)
Armour
 a - a +0 robe (worn)
 g - a +0 pair of gloves (worn)
 j - a +0 helmet (worn)
 M - a +0 cloak (worn)
Jewellery
 p - a +4 ring of strength (left hand)
Wands
 r - a wand of acid (12/15)
 E - a wand of acid (6/15)
 I - a wand of flame (39/48)
 K - a wand of digging (10/24)
Scrolls
 b - 2 scrolls of noise {unknown}
 h - a scroll of enchant armour {unknown}
 l - 3 scrolls of magic mapping {unknown}
 m - 6 scrolls of remove curse {unknown}
 u - 5 scrolls of teleportation {unknown}
 w - 2 scrolls of identify
 y - 2 scrolls of amnesia {unknown}
 z - 2 scrolls of recharging {unknown}
 A - a scroll of fear {unknown}
 B - a scroll of random uselessness {unknown}
Potions
 e - 2 potions of brilliance
 f - a potion of flight {unknown}
 i - a potion of curing {unknown}
 s - a potion of ambrosia {unknown}
 t - a potion of resistance {unknown}
 v - a potion of heal wounds {unknown}
 x - a potion of mutation {unknown}
 C - a potion of berserk rage {unknown}
 H - a potion of invisibility {unknown}
 J - a potion of cancellation {unknown}
Books
 c - a book of Minor Magic

   Spells                             Type                      Level
   a - Magic Dart                     Conjuration                  1
   b - Blink                          Translocation                2
   c - Call Imp                       Summoning                    2
   d - Repel Missiles                 Charms/Air                   2
   e - Slow                           Hexes                        2
   f - Conjure Flame                  Conjuration/Fire             3
   g - Mephitic Cloud                 Conjuration/Poison/Air       3
 q - a book of Misfortune

   Spells                             Type                      Level
   a - Confusing Touch                Hexes                        1
   b - Confuse                        Hexes                        3
   c - Gell's Gravitas                Hexes/Translocation          3
   d - Petrify                        Transmutation/Earth          4
   e - Metabolic Englaciation         Hexes/Ice                    5
   f - Yara's Violent Unravelling     Hexes/Transmutation          5
Comestibles
 d - 3 bread rations
 k - 4 meat rations
 n - 2 beef jerkies
 F - a chunk of flesh
 G - a fruit
 L - a slice of pizza


   Skills:
 - Level 2.4 Dodging
 - Level 2.4 Stealth
 + Level 10.5 Spellcasting
 + Level 8.1 Conjurations
   Level 1.1 Summonings
 - Level 1.1 Translocations


You had 17 spell levels left.
You knew the following spells:

 Your Spells              Type           Power        Failure   Level  Hunger
a - Magic Dart            Conj           ####         1%          1    None
b - Repel Missiles        Chrm/Air       ##....       10%         2    None
c - Conjure Flame         Conj/Fire      ####....     2%          3    None
d - Mephitic Cloud        Conj/Pois/Air  ####....     6%          3    None
e - Blink                 Tloc           N/A          4%          2    None


Dungeon Overview and Level Annotations

Branches:
Dungeon (6/15)             Temple (0/1) D:6

Altars:
Fedhas
Nemelex Xobeh
Qazlal

Annotations:
D:4 Menkaure


Message History

The big kobold closely misses the hound.
The orc priest invokes the aid of Beogh against you.
Beogh smites you!
* * * LOW HITPOINT WARNING * * *
The wyvern zombie is engulfed in roaring flames.
The wyvern zombie closely misses you.
You take 15 damage, and have 12/41 hp.
MASSIVE DAMAGE!!
The big kobold says, "I'm a little confused."
The wyvern zombie is engulfed in roaring flames.
You destroy the wyvern zombie!
Your Conjurations skill increases to level 8!
Something hits the orc priest.
The orc priest looks braver for a moment.
There is a staircase to the Ecumenical Temple here.
You can't go up here!
Unknown command.
The hound barely misses you.
The orc priest calls down the wrath of Beogh upon you.
Beogh smites you!
You die...

..#.#...# #.##.#.#.#.#
#.##.#.#.#.# ##.
#.##.#.#.#.# ...
#.##.#.#.#.#
##.####.##.#.#.#.#######
........##.#.#.#.....(.. .
........##.........#####
... #....@####.#.#...#
.....#.###h####.#.#.#.#####
#.......................
###..####o##.#####...###
#... #(h.#...........<
#.#.##.Ko#.....#...##. #.
..##'######.####### #.
#....# # # .. ..?..


You could see 2 hounds, an orc priest and an orc.

Vanquished Creatures
  4 ogres
  3 centaurs (D:5)
  A big kobold (D:6)
  A wyvern zombie (D:6)
  A scorpion (D:4)
  A howler monkey (D:5)
  2 giant frog zombies (D:5)
  A crimson imp (D:5)
  Crazy Yiuf (D:5)
  Jessica (D:2)
  Terence (D:2)
  4 orc wizards
  3 worker ants
  Robin (D:4)
  4 gnolls (D:3)
  9 adders
  A shadow imp (D:5)
  An adder zombie (D:6)
  An adder skeleton (D:5)
  A worm (D:2)
  2 dart slugs
  4 giant geckos
  24 orcs
  2 ball pythons (D:1)
  6 bats
  7 giant cockroaches
  5 hobgoblins
  7 jackals
  4 quokkas
  A giant gecko skeleton (D:5)
  A giant gecko zombie (D:5)
  A giant newt (D:3)
  12 goblins
  13 kobolds
  5 rats
  2 fungi (D:3)
138 creatures vanquished.

Notes
Turn   | Place    | Note
-------+----------+-------------------------------------------
     0 | D:1      | mistymad the Deep Elf Wizard began the quest for the Orb.
     0 | D:1      | Reached XP level 1. HP: 10/10 MP: 7/7
   370 | D:1      | Reached XP level 2. HP: 15/15 MP: 7/9
   561 | D:1      | Reached skill level 5 in Spellcasting
   945 | D:2      | Reached XP level 3. HP: 11/19 MP: 11/11
  1299 | D:2      | Learned a level 2 spell: Repel Missiles
  1303 | D:2      | Learned a level 3 spell: Conjure Flame
  1307 | D:2      | Learned a level 3 spell: Mephitic Cloud
  1310 | D:2      | Learned a level 2 spell: Blink
  1513 | D:2      | Noticed Terence
  1729 | D:2      | Noticed Jessica
  1748 | D:2      | Reached XP level 4. HP: 22/24 MP: 8/13
  1848 | D:2      | Killed Jessica
  1848 | D:2      | Reached skill level 6 in Spellcasting
  1861 | D:2      | Killed Terence
  1987 | D:2      | Reached XP level 5. HP: 28/28 MP: 11/15
  2004 | D:2      | Found a sparkling altar of Nemelex Xobeh.
  2014 | D:2      | Found a blossoming altar of Fedhas.
  3574 | D:4      | murphy: now your ghost killing me :/
  3574 | D:4      | mistymad: lol
  3574 | D:4      | murphy: i killed him
  3611 | D:4      | Noticed Robin
  3638 | D:4      | Killed Robin
  3638 | D:4      | Reached skill level 7 in Spellcasting
  3721 | D:4      | mistymad: i see =)
  3753 | D:4      | Noticed Menkaure
  4126 | D:4      | Reached XP level 6. HP: 32/32 MP: 5/18
  4476 | D:4      | Reached skill level 5 in Conjurations
  4654 | D:4      | Reached skill level 8 in Spellcasting
  4882 | D:4      | Reached XP level 7. HP: 36/36 MP: 7/20
  5145 | D:5      | Entered Level 5 of the Dungeon
  5517 | D:5      | Reached skill level 9 in Spellcasting
  5784 | D:5      | Reached XP level 8. HP: 40/41 MP: 0/23
  6039 | D:5      | Reached skill level 10 in Spellcasting
  6169 | D:5      | Found a stormy altar of Qazlal.
  6968 | D:5      | Found a runed door.
  6972 | D:5      | Noticed Crazy Yiuf
  6979 | D:5      | Killed Crazy Yiuf
  7190 | D:6      | Found a staircase to the Ecumenical Temple.
  7208 | D:6      | Killed from afar by an orc priest

Vault maps used:
D:1:      lightli_arrival_maybe_door_vault
D:2:      minitemple, uniq_terence, uniq_jessica
D:3:      minmay_gold_behind_fungi
D:4:      uniq_menkaure, uniq_robin
D:5:      nicolae_overflow_crystal_walls, first_bread, uniq_crazy_yiuf_cottage
D:6:      lemuel_crystal_altar, minmay_unpleasant_kobolds

Skill      XL: |  1  2  3  4  5  6  7  8 |
---------------+-------------------------+-----
Conjurations   | 2 3 4 5 7 8 |  8.1
Spellcasting   | 5 6 7 8 9 10 | 10.5
Dodging        | |  2.4
Stealth        | |  2.4
Summonings     | |  1.1
Translocations | |  1.1

Action                   |  1- 3 |  4- 6 |  7- 9 || total
-------------------------+-------+-------+-------++-------
Melee: Dagger            |    15 |       |       ||    15
       Hand axe          |    21 |    56 |    15 ||    92
 Cast: Magic Dart        |    63 |   133 |   119 ||   315
       Repel Missiles    |     1 |     1 |       ||     2
       Mephitic Cloud    |       |    22 |     8 ||    30
       Conjure Flame     |       |    10 |    10 ||    20
  Use: Scroll            |     1 |       |       ||     1
 Stab: Sleeping          |     1 |       |       ||     1
       Confused          |       |     1 |     3 ||     4
  Eat: Chunk             |     2 |    10 |     7 ||    19
Armor: Robe              |    12 |     5 |     7 ||    24
Dodge: Dodged            |    57 |    33 |    29 ||   119
       Deflected         |       |     2 |     5 ||     7
